[Event "Titled Tuesday Blitz July 25 Late 2023"]
[White "Pham, Le Thao Nguyen"]
[Black "Boyer, Mahel"]
[WhiteFideId "12401226"]
[BlackFideId "45102422"]
[WhiteElo "2575"]
[BlackElo "2679"]
[Result "0-1"]
[Round "4"]
[TimeControl "180+2"]
[Date "2023.07.25"]
[WhiteClock "0:00:23"]
[BlackClock "0:02:44"]
[Board "65"]

1. d4 Nf6 2. c4 c5 3. Nf3 g6 4. Nc3 Bg7 5. d5 O-O 6. e4 d6 7. h3 e6 8. Bd3 exd5 9. cxd5 a6 10. a4 Nbd7 11. O-O Nh5 12. Bg5 Bf6 13. Bh6 Re8 14. Re1 Ne5 15. Nxe5 Bxe5 16. Qd2 Qf6 17. Rab1 Nf4 18. Ne2 g5 19. Bxg5 Qxg5 20. Nxf4 Bxf4 0-1


[Site "https://www.chess.com"]

[Event "Titled Tuesday Blitz July 25 Late 2023"]
[White "Velikanov, Alexander"]
[Black "Gulamali, Kazim"]
[WhiteFideId "2039290"]
[BlackFideId "2024764"]
[WhiteElo "2675"]
[BlackElo "2492"]
[Result "0-1"]
[Round "4"]
[TimeControl "180+2"]
[Date "2023.07.25"]
[WhiteClock "0:00:00"]
[BlackClock "0:00:10"]
[Board "66"]

1. e4 e5 2. Nf3 Nc6 3. g3 Bc5 4. Bg2 d6 5. c3 Nf6 6. d4 exd4 7. cxd4 Bb4+ 8. Bd2 Nxe4 9. Bxb4 Nxb4 10. Qa4+ Nc6 11. d5 Nc5 12. Qb5 a6 13. Qe2+ Ne7 14. O-O O-O 15. Nc3 Bf5 16. Rad1 Re8 17. Qc4 Ng6 18. Rfe1 Rxe1+ 19. Rxe1 Qd7 20. Rd1 Re8 21. Qf1 Ne4 22. Ne2 Ne5 23. Nfd4 Bg6 24. Nf4 Nf6 25. b3 Be4 26. Bxe4 Nxe4 27. Qg2 Nc3 28. Rc1 Nxa2 29. Re1 Nb4 30. h3 c5 31. dxc6 bxc6 32. g4 g6 33. Kh1 c5 34. Nde2 Ned3 35. Rd1 Ne5 36. Ng3 Nec6 37. Nd5 Nxd5 38. Qxd5 Nd4 39. Ne4 Re6 40. Nxc5 Qb5 41. Qa8+ Kg7 42. Nxe6+ Nxe6 43. Qd5 Qe2 44. Kg1 g5 45. Qxd6 Nf4 46. Qd4+ f6 47. Rd2 Qe1+ 48. Kh2 Qf1 49. Qd7+ Kh6 50. Qb7 Qxh3+ 51. Kg1 Qxg4+ 52. Kf1 Qh3+ 53. Kg1 Qe6 54. Qg2 Nxg2 0-1


[Site "https://www.chess.com"]

[Event "Titled Tuesday Blitz July 25 Late 2023"]
[White "Weetik, Vjacheslav"]
[Black "Pniaczek, Marek"]
[WhiteFideId "4153472"]
[BlackFideId "21800421"]
[WhiteElo "2667"]
[BlackElo "2484"]
[Result "1-0"]
[Round "4"]
[TimeControl "180+2"]
[Date "2023.07.25"]
[WhiteClock "0:00:59"]
[BlackClock "0:00:03"]
[Board "67"]

1. d4 Nf6 2. c4 e6 3. g3 d5 4. Nf3 Be7 5. Bg2 O-O 6. O-O dxc4 7. Qc2 c6 8. Qxc4 b5 9. Qc2 Bb7 10. Nbd2 Qb6 11. a4 Nbd7 12. Nb3 c5 13. dxc5 Nxc5 14. Be3 Rac8 15. Rfc1 Nxb3 16. Qxb3 bxa4 17. Qxb6 axb6 18. Bxb6 Nd5 19. Bd4 Rxc1+ 20. Rxc1 a3 21. bxa3 Bxa3 22. Rb1 Bc6 23. Ne5 Ba8 24. Ra1 Bd6 25. h3 h6 26. Ra7 Bxe5 27. Bxe5 Nb6 28. f3 Nc4 29. Bc3 Bd5 30. e4 Ba8 31. Kf2 Rc8 32. Bf1 Nb6 33. Bd4 Rc2+ 34. Ke3 Rc1 35. Bxb6 1-0


[Site "https://www.chess.com"]

[Event "Titled Tuesday Blitz July 25 Late 2023"]
[White "Urbina Perez, Juan Antonio"]
[Black "Manukyan, Sargis A."]
[WhiteFideId "2217368"]
[BlackFideId "13303970"]
[WhiteElo "2477"]
[BlackElo "2663"]
[Result "1/2-1/2"]
[Round "4"]
[TimeControl "180+2"]
[Date "2023.07.25"]
[WhiteClock "0:00:08"]
[BlackClock "0:00:17"]
[Board "68"]

1. e4 c5 2. Nf3 d6 3. Bb5+ Bd7 4. c4 Nc6 5. Nc3 Nf6 6. d3 e5 7. h3 Nd4 8. Bxd7+ Nxd7 9. Be3 Be7 10. Bxd4 cxd4 11. Nd5 O-O 12. O-O Nb6 13. Nd2 Nxd5 14. cxd5 Rc8 15. Rc1 Qa5 16. a3 Qb6 17. Qb3 Bg5 18. Qxb6 axb6 19. Rxc8 Rxc8 20. Nc4 Be7 21. a4 Rc5 22. b4 Rc8 23. Ra1 Kf8 24. Kf1 Ke8 25. Ke2 g6 26. Ra3 f5 27. f3 h5 28. Ra2 Kd8 29. Rc2 b5 30. axb5 Bf8 31. Kd1 Ra8 32. Nb6 Ra1+ 33. Rc1 Ra2 34. Rc8+ Ke7 35. Rc7+ Ke8 36. Rxb7 Rxg2 37. Nd7 Bh6 38. exf5 gxf5 39. Nf6+ Kd8 40. b6 Rd2+ 41. Ke1 Rb2 42. Rb8+ Ke7 43. Re8+ Kxf6 44. b7 Rb1+ 45. Ke2 Rb2+ 46. Kd1 Rb1+ 47. Kc2 Rxb4 48. b8=Q Rxb8 49. Rxb8 Bf4 50. Rg8 h4 51. Kd1 Bg3 52. Ke2 Kf7 53. Rh8 Kf6 54. Re8 Kg5 55. Re6 Kf4 56. Rxd6 e4 57. dxe4 fxe4 58. fxe4 Kxe4 59. Rd8 d3+ 60. Kd1 Ke5 61. Kd2 Kd4 62. d6 Kd5 63. Kxd3 Bxd6 64. Ke3 Ke5 65. Kf3 Be7 66. Re8 Ke6 67. Kg4 Kf7 68. Ra8 Bf6 69. Ra6 Kg6 70. Rc6 Kf7 71. Kf5 Bd8 72. Rd6 Ba5 73. Rd7+ Ke8 74. Rh7 Be1 75. Ke6 Kd8 76. Kd6 Bg3+ 77. Ke6 Kc8 78. Rd7 Kb8 79. Rd5 Kc8 80. Ke7 Kc7 81. Rc5+ Kb6 82. Rc2 Kb5 83. Ke6 Kb4 84. Kd5 Kb3 85. Rc6 Kb4 86. Kd4 Bf2+ 87. Kd5 Bg3 88. Rc8 Kb5 89. Rc2 Kb4 90. Kd4 Kb3 91. Rc8 Kb4 92. Ke4 Kb5 93. Kf5 Kb6 94. Kg4 Kb7 95. Rc3 Bf2 96. Rf3 Be1 97. Rf6 Kc7 98. Ra6 Kd7 99. Kf5 Bg3 100. Re6 Kc7 101. Re4 Kd7 102. Rd4+ Ke7 103. Re4+ Kd6 104. Kg4 Kd5 105. Re2 Kd6 106. Ra2 Ke5 107. Ra8 Ke4 108. Re8+ Kd5 109. Kf5 Kd4 110. Re4+ Kd5 111. Rg4 Kd6 112. Ke4 Ke6 113. Kf3 Kf6 1/2-1/2


[Site "https://www.chess.com"]

[Event "Titled Tuesday Blitz July 25 Late 2023"]
[White "Hamedi Nia, Vesal"]
[Black "brm72"]
[WhiteFideId "12542253"]
[WhiteElo "2477"]
[BlackElo "2658"]
[Result "0-1"]
[Round "4"]
[TimeControl "180+2"]
[Date "2023.07.25"]
[WhiteClock "0:00:13"]
[BlackClock "0:00:09"]
[Board "69"]

1. d4 Nf6 2. c4 g6 3. Nc3 d5 4. Bf4 Bg7 5. e3 O-O 6. cxd5 Nxd5 7. Nxd5 Qxd5 8. Bxc7 Nc6 9. Ne2 Bf5 10. Nc3 Qd7 11. Bg3 Rac8 12. Bd3 Bxd3 13. Qxd3 Nb4 14. Qd2 e5 15. O-O exd4 16. exd4 Qxd4 17. Qxd4 Bxd4 18. Bd6 Nc2 19. Rac1 Rfd8 20. Be7 Rd7 21. Nb5 Bxb2 22. Nxa7 Rc4 23. Rb1 Bd4 24. Bg5 Bxa7 25. Rfc1 Na3 26. Rxc4 Nxc4 27. Rc1 Ne5 28. Rc8+ Kg7 29. h3 h6 30. Bf4 Nd3 31. Bg3 Bd4 32. h4 Be5 33. Re8 Bxg3 34. fxg3 Nc5 35. Kh2 h5 36. a3 Ne6 37. Rb8 Kf6 38. Kh3 Ke5 39. g4 Nf4+ 40. Kg3 Rd3+ 41. Kf2 hxg4 42. Rxb7 g3+ 43. Ke1 Nxg2+ 44. Ke2 Nf4+ 45. Ke1 g2 46. Rb5+ Ke4 47. Rg5 Kf3 48. h5 gxh5 49. a4 Ra3 50. Kd2 Ra1 51. Kc3 g1=Q 0-1


[Site "https://www.chess.com"]

[Event "Titled Tuesday Blitz July 25 Late 2023"]
[White "Bjelobrk, Igor"]
[Black "Bobkov, Vadim"]
[WhiteFideId "4300726"]
[BlackFideId "34110876"]
[WhiteElo "2656"]
[BlackElo "2465"]
[Result "1-0"]
[Round "4"]
[TimeControl "180+2"]
[Date "2023.07.25"]
[WhiteClock "0:02:43"]
[BlackClock "0:01:27"]
[Board "70"]

1. d4 c5 2. d5 e6 3. c4 exd5 4. cxd5 d6 5. Nc3 a6 6. a4 h6 7. Nf3 g6 8. g3 Bg7 9. Bg2 Ne7 10. O-O g5 11. Nd2 O-O 12. Nc4 Ng6 13. Ne4 Ne5 14. Nexd6 1-0


[Site "https://www.chess.com"]

[Event "Titled Tuesday Blitz July 25 Late 2023"]
[White "Moore, Nicholas"]
[Black "Ehlvest, Jaan"]
[WhiteFideId "4303709"]
[BlackFideId "4500016"]
[WhiteElo "2452"]
[BlackElo "2626"]
[Result "0-1"]
[Round "4"]
[TimeControl "180+2"]
[Date "2023.07.25"]
[WhiteClock "0:00:07"]
[BlackClock "0:01:44"]
[Board "71"]

1. c4 e5 2. g3 c6 3. d4 Bb4+ 4. Nc3 d6 5. Bg2 Nf6 6. e3 Bxc3+ 7. bxc3 O-O 8. c5 dxc5 9. Ne2 Qc7 10. Ba3 b6 11. O-O Rd8 12. Qc2 Ba6 13. dxc5 Nbd7 14. cxb6 axb6 15. Be7 Re8 16. Bxf6 Nxf6 17. Rfd1 e4 18. h4 Bd3 19. Qb2 c5 20. Nf4 Bc4 21. a3 h6 22. Rd2 g5 23. hxg5 hxg5 24. Nh3 Qe5 25. Qxb6 Kg7 26. Qd6 Bd3 27. Qxe5 Rxe5 28. Bf1 c4 29. Bxd3 exd3 30. Kg2 Ne4 31. Rb2 Rea5 32. Rb4 Rxa3 33. Rxa3 Rxa3 34. Rxc4 d2 35. Rd4 Ra1 36. Kf3 f5 37. Ke2 Re1+ 38. Kf3 g4+ 39. Kf4 gxh3 40. Kxf5 0-1


[Site "https://www.chess.com"]

[Event "Titled Tuesday Blitz July 25 Late 2023"]
[White "Omelja, Artem"]
[Black "Goncalves, Davi Sulzbacher"]
[WhiteFideId "14119846"]
[BlackFideId "2154510"]
[WhiteElo "2624"]
[BlackElo "2446"]
[Result "1-0"]
[Round "4"]
[TimeControl "180+2"]
[Date "2023.07.25"]
[WhiteClock "0:00:03"]
[BlackClock "0:00:00"]
[Board "72"]

1. d4 Nf6 2. c4 g6 3. Nc3 d5 4. Bg5 Bg7 5. Bxf6 Bxf6 6. cxd5 c6 7. dxc6 Nxc6 8. e3 O-O 9. Nf3 Bg4 10. Be2 e5 11. d5 Nb4 12. a3 Na6 13. O-O e4 14. Nxe4 Bxb2 15. Rb1 Bxa3 16. Rxb7 Nc5 17. Nxc5 Bxc5 18. Rb1 a5 19. e4 a4 20. Ra1 a3 21. Ne5 Bxe2 22. Qxe2 Re8 23. Nd3 Bd4 24. Ra2 Qh4 25. e5 Qg5 26. Re1 Bc3 27. f4 Qd8 28. d6 Bxe1 29. Qxe1 Qb6+ 30. Kf1 Qb5 31. Qe2 Qb1+ 32. Kf2 Ra4 33. d7 Rf8 34. g3 Qb3 35. Nc5 Qb6 36. Qe3 Ra5 37. Ne4 Qe6 38. Nf6+ Kg7 39. Rxa3 Rxa3 40. Qxa3 Rb8 41. Qc3 Ra8 42. Qd3 Ra2+ 43. Kf3 Qc6+ 44. Ne4 Ra8 45. d8=Q Rxd8 46. Qxd8 Qc2 47. Qf6+ Kf8 48. Qd8+ Kg7 49. Qd2 Qb3+ 50. Qe3 Qd5 51. Qe2 Qb3+ 52. Kf2 Qb6+ 53. Qe3 Qc6 54. Kf3 Qc2 55. g4 Qd1+ 56. Qe2 Qb3+ 57. Kg2 Qd5 58. Qf3 Qa2+ 59. Nf2 Qc2 60. h3 Qb2 61. Kg3 Qc2 62. f5 Qc5 63. Qf4 h6 64. f6+ Kh7 65. h4 Qc3+ 66. Kg2 Qb2 67. g5 h5 68. Qe4 Qc3 69. e6 Qc7 70. e7 Qd8 71. Qf3 Qc8 72. Qd3 Qa8+ 73. Qe4 Qc8 74. Nh3 Qa8 75. Qf3 Qc8 76. Nf4 Qa8 77. Kg3 Qb8 78. Qe4 Qa8 79. Qe3 Qb8 80. Qf3 Qa8 81. e8=Q Qxe8 82. Nxh5 gxh5 83. Qxh5+ Kg8 84. Qf3 Qb8+ 85. Kg4 Qc8+ 86. Kh5 Qe6 87. Qd3 Qe8 88. Qf5 Qe2+ 89. Qg4 Qe4 90. Qxe4 1-0


[Site "https://www.chess.com"]

[Event "Titled Tuesday Blitz July 25 Late 2023"]
[White "Tanaka, Taira Tyler"]
[Black "Arnold, Ken"]
[WhiteFideId "7002351"]
[BlackFideId "2056836"]
[WhiteElo "2623"]
[BlackElo "2443"]
[Result "1-0"]
[Round "4"]
[TimeControl "180+2"]
[Date "2023.07.25"]
[WhiteClock "0:00:53"]
[BlackClock "0:00:16"]
[Board "73"]

1. d4 Nf6 2. Nc3 e6 3. e4 d5 4. e5 Nfd7 5. f4 c5 6. Nf3 Nc6 7. Be3 cxd4 8. Nxd4 Be7 9. Bd3 Nc5 10. O-O Nxd3 11. Qxd3 O-O 12. Rae1 Nxd4 13. Bxd4 Qc7 14. f5 Qc4 15. f6 Qxd3 16. cxd3 Bb4 17. fxg7 Rd8 18. Re3 Bxc3 19. bxc3 b6 20. Rf6 Kxg7 21. Rg3+ Kf8 22. Rgf3 Rd7 23. Rxe6 Re7 24. Rh6 Ke8 25. Rxh7 Kd7 26. Rfxf7 Rxf7 27. Rxf7+ Ke6 28. Rf6+ Ke7 29. h4 Be6 30. h5 Rg8 31. Kf2 Rg5 32. h6 Rh5 33. Kf3 Rh4 34. g3 Rh3 35. Kf4 Rh1 36. g4 Rh4 37. Rg6 Kf7 38. Rg7+ Kf8 39. Rg6 Kf7 40. Rxe6 Kxe6 41. Kg5 Rh3 42. Kg6 Rxd3 43. h7 Rg3 44. h8=Q Rxg4+ 45. Kh5 1-0


[Site "https://www.chess.com"]

[Event "Titled Tuesday Blitz July 25 Late 2023"]
[White "Olsson, William"]
[Black "Sochacki, Christophe"]
[WhiteFideId "1741721"]
[BlackFideId "662569"]
[WhiteElo "2440"]
[BlackElo "2622"]
[Result "1-0"]
[Round "4"]
[TimeControl "180+2"]
[Date "2023.07.25"]
[WhiteClock "0:00:20"]
[BlackClock "0:00:00"]
[Board "74"]

1. c4 Nc6 2. g3 e5 3. Bg2 Nf6 4. Nc3 a6 5. Nf3 Bc5 6. e3 d5 7. cxd5 Nxd5 8. O-O Nxc3 9. bxc3 Qd3 10. Ne1 Qc4 11. d4 Bd6 12. Nd3 O-O 13. Bb2 Bf5 14. e4 Bg6 15. f4 exd4 16. cxd4 Rad8 17. Rc1 Qxa2 18. f5 Ba3 19. Bxa3 Qxa3 20. d5 Nd4 21. fxg6 hxg6 22. Rxc7 Rc8 23. Rxc8 Rxc8 24. Ne5 Qe3+ 25. Kh1 Rc2 26. d6 Rd2 27. d7 Ne6 28. Qf3 Qxf3 29. Bxf3 f6 30. Rd1 Rxd1+ 31. Bxd1 Nd8 32. Bb3+ Kh7 33. Nf7 1-0


[Site "https://www.chess.com"]

[Event "Titled Tuesday Blitz July 25 Late 2023"]
[White "musclemonster12"]
[Black "Bettalli, Francesco"]
[BlackFideId "2816453"]
[WhiteElo "2620"]
[BlackElo "2439"]
[Result "1-0"]
[Round "4"]
[TimeControl "180+2"]
[Date "2023.07.25"]
[WhiteClock "0:00:31"]
[BlackClock "0:01:58"]
[Board "75"]

1. Nf3 g6 2. c4 Bg7 3. Nc3 c5 4. d4 cxd4 5. Nxd4 Nc6 6. Nc2 Bxc3+ 7. bxc3 d6 8. e4 Nf6 9. f3 Be6 10. Bg5 Qa5 11. Bxf6 exf6 12. Qd2 Ne5 13. Nb4 Qc5 14. Qd4 Bxc4 15. Qxc5 dxc5 16. Bxc4 cxb4 17. Bb5+ Ke7 18. cxb4 a6 19. Be2 Rhd8 20. Kf2 Rd2 21. Rhd1 Rad8 22. Ke3 Rxd1 23. Rxd1 Rxd1 24. Bxd1 g5 25. Bb3 Kd6 26. a3 h5 27. g3 g4 28. f4 Nf3 29. Bxf7 Nxh2 30. Bxh5 Nf1+ 31. Kf2 Nd2 32. Bxg4 Nxe4+ 33. Kg2 Nc3 34. Bf3 b6 35. Bb7 a5 36. bxa5 bxa5 37. Ba6 Nb1 38. Bd3 Nxa3 39. g4 Kd5 40. g5 fxg5 41. fxg5 Ke5 42. Kg3 a4 43. Kg4 Ke6 44. Kh5 Kf7 45. Kh6 Kf8 46. Kh7 Nb5 47. Bxb5 a3 48. Bc4 Ke7 49. Ba2 Kd6 50. g6 Kc5 51. g7 Kb4 52. g8=Q Kc3 1-0


[Site "https://www.chess.com"]

[Event "Titled Tuesday Blitz July 25 Late 2023"]
[White "Pinero Rodriguez, Carlos Jose"]
[Black "Mickiewicz, Piotr"]
[WhiteFideId "3901726"]
[BlackFideId "1114891"]
[WhiteElo "2619"]
[BlackElo "2436"]
[Result "1-0"]
[Round "4"]
[TimeControl "180+2"]
[Date "2023.07.25"]
[WhiteClock "0:00:24"]
[BlackClock "0:00:12"]
[Board "76"]

1. b3 d5 2. Bb2 Nf6 3. Nf3 Bf5 4. e3 e6 5. d4 h6 6. Bd3 Bxd3 7. Qxd3 c5 8. Nbd2 Nc6 9. a3 cxd4 10. exd4 Bd6 11. O-O O-O 12. Rfe1 Rc8 13. Rac1 Qa5 14. c4 Rfd8 15. c5 Bb8 16. b4 Qa4 17. g3 Ne7 18. Qb3 Qe8 19. b5 Nf5 20. a4 g5 21. Re2 g4 22. Ne5 Bxe5 23. Rxe5 h5 24. Rce1 Qf8 25. Qd3 Qh6 26. Bc1 Qg6 27. Bb2 Ra8 28. a5 a6 29. b6 Rdc8 30. Nf1 Ne7 31. Qd2 Nf5 32. Qd3 Nd7 33. R5e2 Ne7 34. Qd2 Nc6 35. Ne3 Kg7 36. Ng2 Rh8 37. Bc3 Qf5 38. Nh4 Qf6 39. Rf1 Qh6 40. Qd3 Nf6 41. f3 Qh7 42. Qe3 Raf8 43. Qg5+ Qg6 44. Nxg6 fxg6 45. Rxe6 Rf7 46. fxg4 Rhf8 47. gxh5 1-0


[Site "https://www.chess.com"]

[Event "Titled Tuesday Blitz July 25 Late 2023"]
[White "Czernek, Tymon"]
[Black "Dias, Paulo"]
[WhiteFideId "1199510"]
[BlackFideId "1900803"]
[WhiteElo "2619"]
[BlackElo "2434"]
[Result "1-0"]
[Round "4"]
[TimeControl "180+2"]
[Date "2023.07.25"]
[WhiteClock "0:00:41"]
[BlackClock "0:00:56"]
[Board "77"]

1. e4 c6 2. d4 d5 3. f3 dxe4 4. fxe4 e5 5. Nf3 Bg4 6. c3 Nd7 7. Bc4 Ngf6 8. Qb3 Bh5 9. Ng5 Qe7 10. Qxb7 Rb8 11. Qxc6 h6 12. Nf3 exd4 13. cxd4 Qxe4+ 14. Qxe4+ Nxe4 15. O-O Nd6 16. Bb3 Be7 17. Nc3 O-O 18. Nd5 Rfe8 19. Bf4 Bf8 20. Rfe1 Bxf3 21. gxf3 Nf5 22. Bxb8 Rxb8 23. Rad1 Nb6 24. Nxb6 Rxb6 25. Re8 g5 26. f4 g4 27. Kf2 Kg7 28. Re5 Nh4 29. Rg1 f5 30. Rd5 Bd6 31. Re1 Kf6 32. Ree5 Bxe5 33. fxe5+ Kg5 34. Ra5 a6 35. d5 Ng6 36. d6 Nf8 37. Rd5 Ne6 38. Rd2 Nc5 39. d7 Ne4+ 40. Ke2 Nxd2 41. d8=Q+ 1-0


[Site "https://www.chess.com"]

[Event "Titled Tuesday Blitz July 25 Late 2023"]
[White "Ponizil, Cyril"]
[Black "Dwilewicz, Katarzyna"]
[WhiteFideId "322202"]
[BlackFideId "1148486"]
[WhiteElo "2614"]
[BlackElo "2411"]
[Result "1-0"]
[Round "4"]
[TimeControl "180+2"]
[Date "2023.07.25"]
[WhiteClock "0:01:16"]
[BlackClock "0:00:11"]
[Board "78"]

1. e4 c5 2. Nf3 d6 3. d4 cxd4 4. Nxd4 Nf6 5. Nc3 a6 6. g3 e5 7. Nde2 Be7 8. Bg2 b5 9. O-O Bb7 10. Bg5 Nbd7 11. a4 b4 12. Bxf6 Nxf6 13. Nd5 Nxd5 14. exd5 O-O 15. Qd2 a5 16. c3 Qb6 17. cxb4 axb4 18. b3 f5 19. Nc1 Ra5 20. Na2 e4 21. Nxb4 Bf6 22. Rac1 Bd4 23. Rc6 Bxc6 24. Nxc6 Bc5 25. Qxa5 Qxb3 26. Qb5 Qc2 27. Ne7+ Kh8 28. Nxf5 g6 29. Ne3 Qd2 30. Nc4 Qc2 31. Qb2+ Qxb2 32. Nxb2 Ra8 33. Bxe4 Bd4 34. Nc4 Rxa4 35. Nxd6 1-0


[Site "https://www.chess.com"]

[Event "Titled Tuesday Blitz July 25 Late 2023"]
[White "Zavgorodniy, Sergiy"]
[Black "EsmeraldasAnderson03"]
[WhiteFideId "14110148"]
[WhiteElo "2609"]
[BlackElo "2405"]
[Result "0-1"]
[Round "4"]
[TimeControl "180+2"]
[Date "2023.07.25"]
[WhiteClock "0:00:00"]
[BlackClock "0:00:09"]
[Board "79"]

1. d4 d5 2. c4 dxc4 3. Nf3 a6 4. e3 Nf6 5. Bxc4 e6 6. O-O c5 7. Qe2 Nbd7 8. Rd1 cxd4 9. Nxd4 Be7 10. Nc3 O-O 11. e4 Qc7 12. Bg5 b5 13. Bb3 Bb7 14. Rac1 Nc5 15. Bc2 Rfd8 16. b4 Ncd7 17. Bb3 Qb6 18. e5 Nxe5 19. Qxe5 Ng4 20. Qf4 Bxg5 21. Qxg5 Rxd4 22. Rxd4 Qxd4 23. Qh4 Rc8 24. h3 Qf4 25. Rd1 Qf6 26. Qxg4 Qxc3 27. Qf4 Qf6 28. Qd6 Qg5 29. f3 Bxf3 30. Rd2 Bd5 0-1


[Site "https://www.chess.com"]

[Event "Titled Tuesday Blitz July 25 Late 2023"]
[White "DampFalcon"]
[Black "Salik, Serkan"]
[BlackFideId "30952492"]
[WhiteElo "2393"]
[BlackElo "2607"]
[Result "0-1"]
[Round "4"]
[TimeControl "180+2"]
[Date "2023.07.25"]
[WhiteClock "0:00:01"]
[BlackClock "0:01:24"]
[Board "80"]

1. e4 e5 2. Nf3 Nf6 3. Nc3 d6 4. Bc4 Be7 5. d3 O-O 6. O-O c6 7. Bg5 h6 8. Bxf6 Bxf6 9. d4 Bg4 10. dxe5 dxe5 11. Be2 Qc7 12. h3 Be6 13. Qc1 Nd7 14. Qe3 Qb6 15. Qxb6 axb6 16. b3 b5 17. a4 bxa4 18. Nxa4 b5 19. Nc3 Nc5 20. Nd2 Rfd8 21. Rxa8 Rxa8 22. Rc1 Bg5 23. Rd1 Bxd2 24. Rxd2 b4 25. Na4 Nxa4 26. bxa4 Rxa4 27. Rd6 Ra2 28. Rxc6 b3 29. cxb3 Rxe2 30. b4 Rxe4 31. b5 Rb4 32. b6 g5 33. Rd6 Kg7 34. Kf1 Rb2 35. Ke1 Kf6 36. Rc6 Ke7 37. Rc7+ Kd6 38. Rc1 Rxb6 39. Rd1+ Ke7 40. Rd2 f5 41. Ke2 e4 42. f3 exf3+ 43. Kxf3 Rb3+ 44. Kf2 h5 45. Ra2 g4 46. Ra7+ Kf6 47. hxg4 hxg4 48. g3 Bd5 49. Ra6+ Ke5 50. Kg1 Rxg3+ 51. Kh2 Rg2+ 52. Kh1 Ra2+ 53. Kg1 Rxa6 0-1


[Site "https://www.chess.com"]

[Event "Titled Tuesday Blitz July 25 Late 2023"]
[White "Principe, Gerson"]
[Black "Andrews, Todd"]
[WhiteFideId "3804550"]
[BlackFideId "2012456"]
[WhiteElo "2607"]
[BlackElo "2372"]
[Result "1/2-1/2"]
[Round "4"]
[TimeControl "180+2"]
[Date "2023.07.25"]
[WhiteClock "0:00:02"]
[BlackClock "0:00:08"]
[Board "81"]

1. Nf3 Nf6 2. d4 c5 3. e3 e6 4. Be2 cxd4 5. exd4 b6 6. O-O Bb7 7. c4 d6 8. Nc3 Be7 9. Bg5 Nbd7 10. Rc1 a6 11. Bd3 O-O 12. Qe2 Re8 13. Rfd1 Rc8 14. h3 Rc7 15. Bxf6 Nxf6 16. Ng5 Bf8 17. Qd2 h6 18. Nge4 Nxe4 19. Bxe4 Bxe4 20. Nxe4 d5 21. cxd5 Rxc1 22. Rxc1 Qxd5 23. Nc3 Qa5 24. Qe3 Rd8 25. a3 b5 26. Rd1 b4 27. axb4 Qxb4 28. Rd2 a5 29. Ne4 a4 30. h4 Be7 31. g3 Qc4 32. Qd3 Qxd3 33. Rxd3 Rb8 34. Rd2 Rb4 35. Nc3 Bf6 36. Ne2 Kf8 37. f4 h5 38. Kf2 Ke7 39. Ke3 Kd6 40. Ke4 g6 41. Rc2 Rb3 42. Nc3 Bd8 43. Kd3 Ba5 44. Kc4 Rb4+ 45. Kd3 Bb6 46. Ne4+ Kd7 47. Nc5+ Kd6 48. Ne4+ Ke7 49. Nc5 Kd6 50. Ne4+ 1/2-1/2


[Site "https://www.chess.com"]

[Event "Titled Tuesday Blitz July 25 Late 2023"]
[White "Yu, Jennifer"]
[Black "Piesik, Piotr"]
[WhiteFideId "2078341"]
[BlackFideId "1136194"]
[WhiteElo "2362"]
[BlackElo "2601"]
[Result "0-1"]
[Round "4"]
[TimeControl "180+2"]
[Date "2023.07.25"]
[WhiteClock "0:00:03"]
[BlackClock "0:01:03"]
[Board "82"]

1. c4 g6 2. Nc3 Bg7 3. g3 Nc6 4. Bg2 e5 5. Nf3 d6 6. d3 f5 7. e4 Nf6 8. O-O O-O 9. Bg5 h6 10. Bxf6 Qxf6 11. Nd5 Qf7 12. b4 f4 13. b5 Nd8 14. d4 c6 15. bxc6 bxc6 16. Nc3 Qxc4 17. Rc1 exd4 18. Nd5 Qxa2 19. Ne7+ Kh7 20. gxf4 Rxf4 21. Nxd4 Bg4 22. Qd3 Be5 23. Ndxc6 Nxc6 24. Rxc6 Rf7 25. Qd5 Be6 26. Qxa2 Bxa2 27. Nd5 a5 28. f4 Bd4+ 29. Kh1 Bxd5 30. exd5 Bc5 31. Be4 a4 32. f5 gxf5 33. Rxf5 Rxf5 34. Bxf5+ Kg7 35. Rc7+ Kf6 36. Be6 a3 37. Rf7+ Ke5 38. Rf1 a2 0-1


[Site "https://www.chess.com"]

[Event "Titled Tuesday Blitz July 25 Late 2023"]
[White "Miguelitro69"]
[Black "Sivakumar, Shaashwath"]
[BlackFideId "30912156"]
[WhiteElo "2345"]
[BlackElo "2598"]
[Result "0-1"]
[Round "4"]
[TimeControl "180+2"]
[Date "2023.07.25"]
[WhiteClock "0:00:09"]
[BlackClock "0:00:45"]
[Board "83"]

1. e4 c5 2. Nf3 d6 3. d4 cxd4 4. Nxd4 Nf6 5. Nc3 a6 6. Bc4 e6 7. Bb3 Nbd7 8. Be3 Nc5 9. f3 Be7 10. Qd2 Qc7 11. O-O-O b5 12. Kb1 Bd7 13. g4 O-O 14. h4 Qb7 15. h5 a5 16. g5 Ne8 17. Rdg1 a4 18. Bd5 exd5 19. Nxd5 Be6 20. Nf5 Bxd5 21. exd5 Qd7 22. Nh6+ gxh6 23. gxh6+ Kh8 24. Bd4+ Bf6 25. Qf4 Bxd4 26. Qxd4+ f6 27. Rg4 Qf7 28. Qf4 Qxd5 29. Rhg1 Qe5 30. Qd2 a3 31. c3 axb2 32. Qg2 Qe6 33. Rg7 Qxa2+ 34. Kc2 b1=Q# 0-1


[Site "https://www.chess.com"]

[Event "Titled Tuesday Blitz July 25 Late 2023"]
[White "Sala, Giulia"]
[Black "Sivakumar, Shaaketh"]
[WhiteFideId "2840451"]
[BlackFideId "30940176"]
[WhiteElo "2325"]
[BlackElo "2593"]
[Result "0-1"]
[Round "4"]
[TimeControl "180+2"]
[Date "2023.07.25"]
[WhiteClock "0:01:20"]
[BlackClock "0:01:46"]
[Board "84"]

1. e4 e6 2. d4 d5 3. exd5 exd5 4. Bd3 Nc6 5. c3 Bd6 6. Nf3 Bg4 7. O-O Nge7 8. h3 Bh5 9. Re1 Qd7 10. Nbd2 O-O-O 11. a4 f6 12. a5 g5 13. Qc2 g4 14. hxg4 Bxg4 15. b4 Rdg8 16. b5 Nd8 17. b6 a6 18. bxc7 Bxc7 19. Be2 Ne6 20. Nb3 Rg6 21. Nh4 Rg7 22. Bxg4 Rxg4 23. Qe2 Re4 24. Qd1 Rxh4 25. Nc5 Nxc5 26. dxc5 Rg8 27. g3 Qh3 28. Qf3 Bxg3 29. Rxe7 Bh2+ 30. Kh1 Rg1# 0-1


[Site "https://www.chess.com"]

[Event "Titled Tuesday Blitz July 25 Late 2023"]
[White "Barwinska, Ewa"]
[Black "Medina Paz, Miguel"]
[WhiteFideId "21833761"]
[BlackFideId "7300379"]
[WhiteElo "2314"]
[BlackElo "2590"]
[Result "0-1"]
[Round "4"]
[TimeControl "180+2"]
[Date "2023.07.25"]
[WhiteClock "0:00:02"]
[BlackClock "0:00:37"]
[Board "85"]

1. e4 e6 2. d4 d5 3. Nc3 Bb4 4. a3 Bxc3+ 5. bxc3 Ne7 6. Qg4 O-O 7. Bd3 e5 8. Qg3 dxe4 9. Bxe4 Bf5 10. Bxb7 Nbc6 11. Bxa8 Qxa8 12. Ne2 Bxc2 13. dxe5 Nf5 14. Qf4 Re8 15. O-O Nxe5 16. Ng3 Ng6 17. Qxc7 Nfh4 18. f3 Bd3 19. Rd1 Bc2 20. Rf1 Qd5 21. Bf4 h6 22. Rae1 Re6 23. Rxe6 Qxe6 24. Qd6 Qc4 25. Be3 Bd3 26. Re1 Qa2 27. Bf2 Nxg2 28. Kxg2 Nh4+ 29. Kg1 Nxf3+ 30. Kh1 Nxe1 31. Qd8+ Kh7 32. Qd4 Qe6 33. Bxe1 Qxe1+ 34. Kg2 Bg6 35. Qf2 Qe6 36. Qxa7 Qa2+ 37. Kh3 f5 38. Qd4 Qxa3 39. Ne2 Bh5 40. Nf4 Bg4+ 41. Kg3 Qc1 42. h3 Bd1 43. Qd3 Bc2 44. Qf3 Qg1+ 45. Ng2 Be4 46. Qf2 Qc1 47. Nh4 Qg5+ 48. Kh2 f4 49. Nf3 Qd5 50. Nd4 g5 51. h4 Kg6 52. hxg5 hxg5 53. Qg1 Qd8 54. Qg4 Qh8+ 55. Kg1 Qh1+ 56. Kf2 Qh2+ 57. Ke1 Qh4+ 58. Qxh4 gxh4 59. Kf2 Kg5 60. Ne2 Kg4 61. Ng1 h3 62. Ne2 h2 0-1


[Site "https://www.chess.com"]

[Event "Titled Tuesday Blitz July 25 Late 2023"]
[White "Barria Santos, Jose Guilherme"]
[Black "Santos, Rafael Ventura Dos"]
[WhiteFideId "1939300"]
[BlackFideId "2122227"]
[WhiteElo "2589"]
[BlackElo "2311"]
[Result "1-0"]
[Round "4"]
[TimeControl "180+2"]
[Date "2023.07.25"]
[WhiteClock "0:01:36"]
[BlackClock "0:01:26"]
[Board "86"]

1. e4 c5 2. Nf3 g6 3. c4 Bg7 4. d4 cxd4 5. Nxd4 Nc6 6. Be3 Nf6 7. Nc3 O-O 8. Be2 d6 9. O-O Nxd4 10. Bxd4 Bd7 11. Qc2 a5 12. Rad1 Bc6 13. h3 Nd7 14. Bxg7 Kxg7 15. Bg4 Ne5 16. c5 Nxg4 17. hxg4 Qc7 18. cxd6 exd6 19. Rd4 Qe7 20. Qd2 Rad8 21. Rd1 Rfe8 22. f3 Qe5 23. Rxd6 Qc5+ 24. Qd4+ Qxd4+ 25. R6xd4 Rxd4 26. Rxd4 Re5 27. Kf2 Rc5 28. Ke3 b5 29. a3 h6 30. Kd3 h5 31. b4 axb4 32. axb4 Rg5 33. Rd6 Be8 34. Rd5 Kh6 35. Rxg5 Kxg5 36. gxh5 gxh5 37. Ne2 Bd7 38. Kd4 Be6 39. Ke3 Bc4 40. Nd4 h4 41. Nf5 h3 42. gxh3 Kh5 43. Kf4 Bf1 44. Kg3 f6 45. Ne3 Bd3 46. Nd5 Kg6 47. h4 f5 48. Nf4+ 1-0


[Site "https://www.chess.com"]